 Dungeon Crawl Stone Soup version 0.29-a0-275-g389c0b56f3 (webtiles) character file.

Game seed: 16686431301624587871

14819 frimble the Fighter (level 12, -2/93 HPs)
             Began as a Djinni Cinder Acolyte on Mar 10, 2022.
             Was an Elder of Ignis.
             Killed from afar by an electric eel (8 damage)
             ... with a bolt of electricity
             ... on level 1 of the Lair of Beasts.
             The game lasted 00:20:08 (15316 turns).

frimble the Fighter (Djinni Cinder Acolyte)        Turns: 15316, Time: 00:20:08

Health: -2/93      AC: 15    Str: 13    XL:     12   Next: 49%
Gold:   396        EV: 13    Int: 20    God:    Ignis [****..] SH:  0 Dex: 10

rFire   + + +      SeeInvis .   t - +3 scimitar (elec)
rCold   x . .      Faith    .   (no shield)
rNeg    . . .      Spirit   .   y - +0 troll leather armour
rPois   ∞          Reflect  .   (no helmet)
rElec   .          Harm     .   B - +2 cloak "Cops" {+Inv}
rCorr   .          Rampage  .   (no gloves)
Will    +....                   (boots unavailable)
Stlth   ++........              (no amulet)
HPRegen 1.05/turn               d - +4 ring of protection
MPRegen 0.00/turn               k - +4 ring of protection

@: flying, invisible
A: sickness immunity, fire resistance 2, cold vulnerability 1, float, innate
caster, HP casting, extra vitality 1
a: Renounce Religion, Evoke Invisibility, Fiery Armour, Foxfire Swarm


You were on level 1 of the Lair of Beasts.
You worshipped Ignis.
Ignis was greatly pleased with you.
You visited 2 branches of the dungeon, and saw 12 of its levels.

You collected 709 gold pieces.
You spent 313 gold pieces at shops.

Inventory:

Hand Weapons
 a - a +0 short sword of flaming
 t - a +3 scimitar of electrocution (weapon)
 v - a +2 scimitar of freezing
Armour
 y - a +0 troll leather armour (worn)
 B - the +2 cloak "Cops" (worn) {+Inv}
   (You bought it in a shop on level 6 of the Dungeon)

   +Inv:      It lets you turn invisible.
Jewellery
 d - a +4 ring of protection (left hand)
 k - a +4 ring of protection (right hand)
 n - a ring of see invisible
 p - the ring of Pride {rF+ Str+6 Int-2 Stlth+}
   (You found it on level 11 of the Dungeon)

   [ring of strength]

   Str:       It affects your strength (+6).
   Int:       It affects your intelligence (-2).
   rF:        It protects you from fire.
   Stlth:     It makes you more stealthy.
 r - a ring of protection from cold
 s - a ring of fire
Wands
 j - a wand of polymorph (26)
 w - a wand of paralysis (3)
 x - a wand of flame (10)
Scrolls
 c - 3 scrolls of magic mapping
 h - a scroll of teleportation
Potions
 b - a potion of attraction {unknown}
 e - 4 potions of curing
 f - a potion of berserk rage {unknown}
 g - 3 potions of lignification
 l - 2 potions of heal wounds
 m - 2 potions of magic
 o - 3 potions of might {unknown}
 q - 3 potions of brilliance {unknown}
 A - a potion of degeneration {unknown}
 C - a potion of cancellation {unknown}
Miscellaneous
 u - a lightning rod (4/4)


   Skills:
 - Level 10.6 Fighting
 - Level 7.5(8.7) Short Blades
 + Level 6.5(8.2) Long Blades
 - Level 2.7 Staves
 - Level 5.3 Dodging
 - Level 4.6 Stealth
 + Level 8.7 Spellcasting
 + Level 4.9 Evocations


You had 11 spell levels left.
You knew the following spells:

 Your Spells              Type           Power      Damage    Failure   Level
a - Scorch                Fire           86%        2d9       1%          2
b - Slow                  Hex            100%       N/A       1%          1
c - Poisonous Vapours     Pois/Air       86%        N/A       1%          2
d - Confusing Touch       Hex            43%        N/A       1%          3
e - Ice Form              Ice/Tmut       43%        N/A       2%          4
f - Silence               Hex/Air        21%        N/A       8%          5
Your spell library was empty.

Dungeon Overview and Level Annotations

Branches:
Dungeon (11/15)            Temple (0/1) D:5            Lair (1/6) D:10
    Orc (0/2) D:10

Altars:
Yredelemnul

Shops:
D:2 :   D:6 ([   D:7 :   D:10 [

Annotations:
D:6 1 runed translucent door, Zonian's ghost, novice DsIE
D:9 2 transporters, Tayschli's ghost, journeyman DjFE
D:10 3 runed translucent doors, bande's ghost, journeyman GrFi
D:11 3 runed translucent doors


Innate Abilities, Weirdness & Mutations

You are immune to sickness and miasma.
You are immune to poison.
Your flesh is very heat resistant. (rF++)
You are vulnerable to cold. (rC-)
You float through the air rather than walking.
You learn spells naturally, not from books.
Your magical power is your life essence.
You have superior vitality. (+4 MHP)


Message History

It was a scroll of noise.
You hear an angry hiss. x2; You hear a loud, deep croak!
The blink frog blinks!
The blink frog hits you. The blink frog hits you!
The blink frog barely misses you.
The blink frog blinks!
Okay, then.
As you read the scroll of teleportation, it crumbles to dust.
You feel strangely unstable.
The blink frog blinks!
The blink frog hits you!
You barely miss the blink frog. The blink frog hits you!
* * * LOW HITPOINT WARNING * * *
The blink frog misses you.
The blink frog blinks! x2
The blink frog hits you but does no damage.
The blink frog hits you.
* * * LOW HITPOINT WARNING * * *
The blink frog blinks!
You slash the blink frog!
Lightning courses through the blink frog!
The blink frog is heavily wounded.
The blink frog barely misses you.
The blink frog hits you but does no damage.
You slash the blink frog!
The blink frog is severely wounded.
The blink frog barely misses you.
The blink frog hits you but does no damage.
The blink frog blinks!
The blink frog hits you.
* * * LOW HITPOINT WARNING * * *
The blink frog hits you.
* * * LOW HITPOINT WARNING * * *
You slash the blink frog!
You kill the blink frog!
Your surroundings suddenly seem different.
A water moccasin and an electric eel come into view.
The electric eel shoots out a bolt of lightning at you!
The bolt of electricity hits you!
* * * LOW HITPOINT WARNING * * *
Your lightning rod (4/4) has regained one charge.
Okay, then.
You fade into invisibility!
The electric eel shoots out a bolt of lightning at you!
The bolt of electricity hits you!
You die... # ......# # .....####♣♣ P≈PPP♣♣

≈≈≈P≈≈≈♣♣♣
≈≈≈≈≈≈≈P≈♣♣
≈≈≈≈≈≈≈≈≈P♣
≈PS≈≈≈≈≈≈≈♣
PP≈≈≈≈≈≈≈≈♣
P≈P≈≈≈≈@≈≈♣
≈≈≈≈≈≈≈≈≈♣♣
≈≈≈≈≈≈≈≈♣♣
≈≈≈≈S≈≈≈♣
≈P≈≈≈≈≈♣♣
###♣♣♣♣


You could see a water moccasin (can't see you) and an electric eel (can't see
you).

Vanquished Creatures
  2 two-headed ogres
  A cyclops (D:11)
  2 cane toads (Lair:1)
  An unseen horror (D:11)
  A komodo dragon (Lair:1)
  A troll (D:10)
  A hornet (D:10)
  A slime creature (D:11)
  Grinder (D:4)
  A blink frog (Lair:1)
  Sigmund (D:2)
  4 shadows
  29 yaks
  4 wyverns
  An acid dragon (D:10)
  4 water moccasins
  Edmund (D:5)
  A black bear (D:7)
  3 ice beasts (D:6)
  An ogre (D:5)
  6 wolves (Lair:1)
  A centaur (D:9)
  2 phantoms
  6 kobold brigands
  5 bullfrogs
  A necrophage (D:6)
  2 scorpions
  10 wights
  A troll zombie (D:10)
  15 killer bees
  A howler monkey (D:11)
  A jelly (D:7)
  4 hounds
  2 gnoll shamans (D:7)
  4 orc priests
  3 iguanas
  Ijyb (D:5)
  2 orc wizards
  5 ogre zombies (D:10)
  10 gnolls
  4 adders
  A white imp (D:7)
  A worm (D:2)
  7 dart slugs
  20 orcs
  4 endoplasms
  3 giant cockroaches
  8 hobgoblins
  31 kobolds
  6 quokkas
  7 ball pythons
  3 bats
  5 frilled lizards
  4 goblins
  A goblin skeleton (D:10)
  4 goblin zombies (D:10)
  A hobgoblin skeleton (D:10)
  3 hobgoblin zombies (D:10)
  An orc skeleton (D:10)
  9 orc zombies (D:10)
  4 rats
270 creatures vanquished.

Vanquished Creatures (others)
  36 foxfires
  4 fungi (Lair:1)
  4 plants (Lair:1)
44 creatures vanquished.

Grand Total: 314 creatures vanquished

Notes
Turn   | Place    | Note
-------+----------+-------------------------------------------
     0 | D:1      | frimble the Djinni Cinder Acolyte began the quest for the
                  | Orb.
     0 | D:1      | Reached XP level 1. HP: 20/20 MP: 0/0
    20 | D:1      | Found a faded altar of an unknown god.
   468 | D:1      | Reached XP level 2. HP: 23/25 MP: 0/0
  1234 | D:1      | Reached XP level 3. HP: 26/30 MP: 0/0
  1234 | D:1      | Learned a level 1 spell: Slow
  1834 | D:2      | Found Goxyr's Book Shoppe.
  1835 | D:2      | Noticed Sigmund
  1854 | D:2      | Killed Sigmund
  1855 | D:2      | Reached skill level 4 in Fighting
  1855 | D:2      | Reached XP level 4. HP: 29/38 MP: 0/0
  1855 | D:2      | Reached XP level 5. HP: 32/42 MP: 0/0
  1855 | D:2      | Learned a level 2 spell: Poisonous Vapours
  1855 | D:2      | Reached XP level 6. HP: 36/48 MP: 0/0
  3758 | D:4      | Identified the +9 quarterstaff "Musit" {elec, rCorr Dex+3}
  3772 | D:4      | Noticed a water moccasin
  3780 | D:4      | Killed a water moccasin
  3781 | D:4      | Reached skill level 5 in Fighting
  3781 | D:4      | Reached skill level 1 in Staves
  3781 | D:4      | Reached XP level 7. HP: 41/54 MP: 0/0
  3781 | D:4      | Learned a level 3 spell: Confusing Touch
  3919 | D:4      | Noticed Grinder
  3924 | D:4      | Paralysed by Grinder for 2 turns
  3926 | D:4      | Killed Grinder
  4144 | D:4      | Reached XP level 8. HP: 50/60 MP: 0/0
  4681 | D:4      | Reached skill level 7 in Fighting
  4681 | D:4      | Reached skill level 5 in Dodging
  4681 | D:4      | Reached XP level 9. HP: 69/69 MP: 0/0
  4681 | D:4      | Learned a level 4 spell: Ice Form
  4721 | D:5      | Entered Level 5 of the Dungeon
  4823 | D:5      | Noticed Ijyb
  4831 | D:5      | Killed Ijyb
  4870 | D:5      | Found a staircase to the Ecumenical Temple.
  5040 | D:5      | Noticed Edmund
  5056 | D:5      | Killed Edmund
  5689 | D:6      | Reached skill level 8 in Fighting
  5719 | D:6      | Found Reotutto's Weapon Shop.
  6048 | D:6      | Found a runed translucent door.
  6089 | D:6      | Found Fyliq's Armour Boutique.
  6541 | D:6      | Found a basalt altar of Yredelemnul.
  6664 | D:6      | Noticed Zonian's ghost (novice DsIE)
  6930 | D:7      | Reached XP level 10. HP: 67/76 MP: 0/0
  7096 | D:7      | Found Wagagaem's Book Boutique.
  8114 | D:7      | Reached skill level 1 in Long Blades
  8422 | D:8      | Noticed a two-headed ogre
  8451 | D:8      | Killed a two-headed ogre
  9892 | D:9      | Reached skill level 9 in Fighting
 10066 | D:9      | Found a transporter.
 10073 | D:9      | Noticed Tayschli's ghost (journeyman DjFE)
 10201 | D:10     | Entered Level 10 of the Dungeon
 10361 | D:10     | Found Jotaip's Armour Boutique.
 10735 | D:9      | Reached XP level 11. HP: 72/84 MP: 0/0
 10735 | D:9      | Learned a level 5 spell: Silence
 11420 | D:9      | Found a transporter.
 12252 | D:10     | Found a staircase to the Orcish Mines.
 12416 | D:10     | Found a runed translucent gate.
 12416 | D:10     | Found a runed translucent gate.
 12416 | D:10     | Found a runed translucent gate.
 12416 | D:10     | Noticed bande's ghost (journeyman GrFi)
 12416 | D:10     | Noticed a deep elf knight
 12635 | D:10     | Reached skill level 10 in Fighting
 12742 | D:10     | Found a staircase to the Lair.
 13115 | D:11     | Noticed a two-headed ogre
 13283 | D:11     | Found a runed translucent gate.
 13284 | D:11     | Found a runed translucent gate.
 13284 | D:11     | Found a runed translucent gate.
 13286 | D:11     | Noticed a cyan ugly thing
 13286 | D:11     | Noticed a white ugly thing
 13289 | D:11     | Noticed a white ugly thing
 13289 | D:11     | Noticed a cyan ugly thing
 13291 | D:11     | Noticed a white ugly thing
 13306 | D:11     | Identified the ring of Pride {rF+ Str+6 Int-2 Stlth+}
 13413 | D:11     | Killed a two-headed ogre
 13414 | D:11     | Reached skill level 5 in Long Blades
 13820 | D:11     | Reached XP level 12. HP: 66/92 MP: 0/0
 14498 | D:6      | Bought the +2 cloak "Cops" {+Inv} for 313 gold pieces
 14640 | Lair:1   | Entered Level 1 of the Lair of Beasts
 15316 | Lair:1   | Killed from afar by an electric eel

Illustrated notes

Levels and vault maps discovered:
D:1:      pf_arrival_petrified_forest, layout_basic,
          chequers_ecumenical_altar_twisty
D:2:      layout_basic, serial_shops, nicolae_shop_stone,
          minmay_misc_feat_four_crosses, uniq_sigmund
D:3:      layout_loops_corners, cheibrodos_gnoll_hut
D:4:      layout_basic, uniq_grinder
D:5:      layout_cave_pools, minmay_temple_entry_proselytizer, nrook_campfire,
          chequers_serial_rivers_small_a, small_statue_intersection,
          minmay_splitting_lines, uniq_edmund, uniq_ijyb
D:6:      layout_gridville, mainiacjoe_overflow_alcove_4, serial_shops,
          nicolae_shop_bloodbath_and_beyond, kennysheep_mini_moat,
          ebering_ghost_reflecting_pool, corexii_hall_statues_x
D:7:      layout_layer_cave, serial_shops, nicolae_take_the_stairs, st_stairs_2
D:8:      layout_cave_pools
D:9:      layout_irregular_city, serial_glass, glass_columns_b, glass_columns_a,
          gammafunk_ghost_stat_death, chequers_serial_rivers_room_b
D:10:     layout_loops_ring, lair_entry_dummy, zombieorc1_lemuel, serial_shops,
          nicolae_stop_n_shop_1, gammafunk_ghost_split
D:11:     layout_small_grid, ploomutoo_gammafunk_ghost_potion_laboratory
Lair:1:   layout_roguey, serial_bayou_shore_a

Skill      XL: |  1  2  3  4  5  6  7  8  9 10 11 12 |
---------------+-------------------------------------+-----
Short Blades   | 3 4 6 7 |  7.5
Fighting       | 4 5 7 8 9 10 | 10.6
Spellcasting   | 3 4 6 7 8 |  8.7
Staves         | 1 2 |  2.7
Dodging        | 5 |  5.3
Stealth        | 4 |  4.6
Evocations     | 4 |  4.9
Long Blades    | 2 5 6 |  6.5

Action                   |  1- 3 |  4- 6 |  7- 9 | 10-12 || total
-------------------------+-------+-------+-------+-------++-------
Melee: Short sword       |   114 |   112 |    44 |    91 ||   361
       Punch             |     1 |       |     1 |     2 ||     4
       Quarterstaff      |       |     2 |    42 |       ||    44
       Unarmed           |       |       |   111 |   186 ||   297
       Scimitar          |       |       |       |   342 ||   342
 Cast: Scorch            |     8 |    11 |    18 |    66 ||   103
       Ice Form          |       |       |    12 |    17 ||    29
       Poisonous Vapours |       |       |     4 |    40 ||    44
       Slow              |       |       |       |     7 ||     7
Invok: Foxfire Swarm     |     1 |       |       |     1 ||     2
       Rising Flame      |       |       |       |     1 ||     1
       Fiery Armour      |       |       |       |     1 ||     1
Evoke: Lightning rod     |       |       |       |     4 ||     4
       Wand              |       |       |       |     1 ||     1
  Use: Scroll            |     4 |     2 |     4 |     9 ||    19
       Potion            |       |       |     1 |     6 ||     7
 Stab: Sleeping          |     1 |     2 |     2 |     2 ||     7
       Distracted        |       |     1 |       |     2 ||     3
       Paralysed         |       |       |       |     4 ||     4
Armor: Robe              |    26 |    57 |    40 |    53 ||   176
       Skin              |       |       |    60 |   143 ||   203
       Troll leather arm |       |       |       |   112 ||   112
Dodge: Dodged            |    60 |    76 |   106 |   391 ||   633

Table legend: (Time is in decaauts)
 A = Elapsed time spent in this place.
 B = Non-inter-level travel time spent in this place.
 C = Inter-level travel time spent in this place.
 D = Time resting spent in this place.
 E = Time spent auto-exploring this place.
 F = Levels seen in this place.
 G = Mean time per level.
                   A        B        C        D        E       F      G
               +--------+--------+--------+--------+--------+-----+--------+
         Total |  15266 |  14325 |    941 |    474 |  11318 |  12 | 1272.2 |
       Dungeon |  14745 |  13807 |    938 |    474 |  10922 |  11 | 1340.5 |
          Lair |    520 |    518 |      2 |      0 |    396 |   1 |  520.0 |
               +--------+--------+--------+--------+--------+-----+--------+

Top non-repeatable levels by time:
    D:10: 1872 daAuts
     D:9: 1850 daAuts
     D:7: 1815 daAuts
     D:8: 1661 daAuts
     D:1: 1394 daAuts
     D:4: 1231 daAuts
     D:6: 1091 daAuts
     D:3: 1046 daAuts
     D:2: 1037 daAuts
     D:5: 927 daAuts
    D:11: 816 daAuts
  Lair:1: 520 daAuts
